MID
BELOIT SNAPPERS @ CLINTON LUMBERKINGS
09/07/2098
 
TOP OF THE 1ST
Beloit Snappers batting - Pitching for Clinton LumberKings : RHP Dave Zimmerman
Pitching: RHP Dave Zimmerman
Batting: RHB Bobby Old 0-0: Foul Ball, location: 7LSF
0-1: Ground out 5-3 (Groundball, 5S, EV 90.0 MPH)
Batting: RHB Bobby Flores 0-0: Ball
1-0: Ball
2-0: Called Strike
2-1: Ball
3-1: Foul Ball, location: 2F
3-2: Foul Ball, location: 2F
3-2: Ground out 5-3 (Groundball, 56S, EV 81.3 MPH)
Batting: LHB Jesse Nunes 0-0: Ball
1-0: Ball
2-0: Swinging Strike
2-1: Foul Ball, location: 2F
2-2: Foul Ball, location: 2F
2-2: Foul Ball, location: 3F
2-2: Foul Ball, location: 2F
2-2: Foul Ball, location: 5SF
2-2: Ball
3-2: Strikes out swinging
Top of the 1st over - 0 runs, 0 hits, 0 errors, 0 left on base; Beloit 0 - Clinton 0
BOTTOM OF THE 1ST
Clinton LumberKings batting - Pitching for Beloit Snappers : RHP Tim Whitehead
Pitching: RHP Tim Whitehead
Batting: LHB Carlos Rivera 0-0: Ball
1-0: Called Strike
1-1: Called Strike
1-2: Ball
2-2: Ball
3-2: Foul Ball, location: 5SF
3-2: Strikes out swinging
Batting: LHB Tommy Dwyer 0-0: Foul Ball, location: 5FF
0-1: Swinging Strike
0-2: Ball
1-2: Ball
2-2: Ball
3-2: Strikes out swinging
Batting: RHB John Ramirez 0-0: Ball
1-0: Ball
2-0: Ball
3-0: Called Strike
3-1: Foul Ball, location: 2F
3-2: Strikes out swinging
Bottom of the 1st over - 0 runs, 0 hits, 0 errors, 0 left on base; Beloit 0 - Clinton 0
TOP OF THE 2ND
Beloit Snappers batting - Pitching for Clinton LumberKings : RHP Dave Zimmerman
Batting: RHB Luis Zuniga 0-0: Ground out 3-1 (Groundball, 34, EV 80.6 MPH)
Batting: RHB Gordie Spencer 0-0: Foul Ball, location: 3FF
0-1: Called Strike
0-2: Ground out 4-3 (Groundball, 4D, EV 92.5 MPH)
Batting: RHB Shane Hains 0-0: Foul Ball, location: 2F
0-1: Called Strike
0-2: Ball
1-2: Ball
2-2: Foul Ball, location: 3FF
2-2: Strikes out looking
Top of the 2nd over - 0 runs, 0 hits, 0 errors, 0 left on base; Beloit 0 - Clinton 0
BOTTOM OF THE 2ND
Clinton LumberKings batting - Pitching for Beloit Snappers : RHP Tim Whitehead
Batting: RHB Josh Barker 0-0: Fly out, F9 (Flyball, 9LS, EV 80.0 MPH)
Batting: LHB Phil Campbell 0-0: Ball
1-0: Ball
2-0: Ball
3-0: Called Strike
3-1: DOUBLE (Line Drive, 9LS, EV 108.1 MPH)
Batting: RHB Fernando Matos 0-0: Ball
1-0: Foul Ball, location: 7LMF
1-1: Ball
2-1: Foul Ball, location: 23F
2-2: Foul Ball, location: 7LSF
2-2: Strikes out swinging
Batting: RHB Nate Taylor 0-0: Ball
1-0: Ball
2-0: Foul Ball, location: 9LMF
2-1: Foul Ball, location: 23F
2-2: Fly out, F8 (Line Drive, 8RM, EV 105.6 MPH)
Bottom of the 2nd over - 0 runs, 1 hit, 0 errors, 1 left on base; Beloit 0 - Clinton 0
TOP OF THE 3RD
Beloit Snappers batting - Pitching for Clinton LumberKings : RHP Dave Zimmerman
Batting: SHB Matt Ludwig 0-0: Called Strike
0-1: Foul Ball, location: 7LSF
0-2: Strikes out swinging
Batting: LHB Andres Rivera 0-0: Ball
1-0: Called Strike
1-1: SINGLE (Groundball, 6M, EV 98.8 MPH) (infield hit)
Batting: LHB Jim Wall 0-0: Called Strike
0-1: Ball
1-1: Swinging Strike
1-2: Foul Ball, location: 2F
1-2: Foul Ball, location: 2F
1-2: Ball
2-2: Ball
3-2: Foul Ball, location: 2F
3-2: Base on Balls
Andres Rivera to second
Batting: RHB Bobby Old 0-0: Called Strike
Andres Rivera steals 3rd base
0-1: Foul Ball, location: 2F
0-2: Ball
1-2: Foul Ball, location: 2F
1-2: Foul Ball, location: 2F
1-2: Ball
2-2: Ball
3-2: SINGLE (Line Drive, 4D, EV 95.0 MPH)
Andres Rivera scores
Jim Wall to second
Runner from 2nd tries for 3rd, SAFE, no throw by RF
Batting: RHB Bobby Flores 0-0: Foul Ball, location: 2F
0-1: Ball
1-1: Foul Ball, location: 2F
1-2: Foul Ball, location: 9LDF
1-2: Fielders Choice at 2nd, 2-4 (Groundball, 2L, EV 65.6 MPH)
Batting: LHB Jesse Nunes 0-0: Fly out, F8 (Flyball, 8LXD, EV 106.3 MPH)
Top of the 3rd over - 1 run, 2 hits, 0 errors, 2 left on base; Beloit 1 - Clinton 0
BOTTOM OF THE 3RD
Clinton LumberKings batting - Pitching for Beloit Snappers : RHP Tim Whitehead
Batting: LHB Nate Sheehy 0-0: Called Strike
0-1: Reached on error, E6 (Groundball, 6, EV 94.4 MPH)
Batting: RHB Sean Flora 0-0: Swinging Strike
0-1: Called Strike
0-2: Strikes out looking
Batting: LHB Carlos Rivera 0-0: DOUBLE (Flyball, 8RXD, EV 97.5 MPH)
Nate Sheehy to third
Runner from 3rd tries for Home, SAFE, no throw by CF
Batting: LHB Tommy Dwyer 0-0: Swinging Strike
0-1: Ball
1-1: Foul Ball, location: 2F
1-2: Ball
2-2: Ball
3-2: Foul Ball, location: 2F
3-2: Fly out, F8 (Flyball, 8RD, EV 83.8 MPH)
Batting: RHB John Ramirez 0-0: Ball
1-0: Foul Ball, location: 9LMF
1-1: Foul Ball, location: 7LMF
1-2: Ball
2-2: SINGLE (Line Drive, 9S, EV 105.6 MPH)
Carlos Rivera to third
Runner from 3rd tries for Home, SAFE, throw by RF to home
John Ramirez to second
Batting: RHB Josh Barker 0-0: Foul Ball, location: 2F
0-1: Called Strike
0-2: Ball
1-2: Foul Ball, location: 2F
1-2: Ball
2-2: Foul Ball, location: 2F
2-2: Foul Ball, location: 3DF
2-2: Ball
3-2: Base on Balls
Batting: LHB Phil Campbell 0-0: Called Strike
0-1: SINGLE (Line Drive, 89S, EV 91.9 MPH)
John Ramirez to third
Josh Barker to second
Runner from 3rd tries for Home, SAFE, throw by RF to home
Batting: RHB Fernando Matos 0-0: Ball
1-0: Ball
2-0: Ground out 4-3 (Groundball, 4S, EV 66.9 MPH)
Bottom of the 3rd over - 3 runs, 3 hits, 1 error, 2 left on base; Beloit 1 - Clinton 3
TOP OF THE 4TH
Beloit Snappers batting - Pitching for Clinton LumberKings : RHP Dave Zimmerman
Batting: RHB Luis Zuniga 0-0: Ball
1-0: Called Strike
1-1: Ball
2-1: Ball
3-1: Fly out, F8 (Flyball, 8RD, EV 85.0 MPH)
Batting: RHB Gordie Spencer 0-0: Called Strike
0-1: Ball
1-1: Foul Ball, location: 3DF
1-2: Ball
2-2: Strikes out looking
Batting: RHB Shane Hains 0-0: SINGLE (Line Drive, 9LS, EV 105.6 MPH)
Batting: SHB Matt Ludwig 0-0: Called Strike
Shane Hains steals 2nd base
0-1: Ball
1-1: Ball
2-1: Ball
3-1: Called Strike
3-2: Base on Balls
Batting: LHB Andres Rivera 0-0: Ball
1-0: Called Strike
1-1: Called Strike
1-2: Foul Ball, location: 2F
1-2: Strikes out swinging
Top of the 4th over - 0 runs, 1 hit, 0 errors, 2 left on base; Beloit 1 - Clinton 3
BOTTOM OF THE 4TH
Clinton LumberKings batting - Pitching for Beloit Snappers : RHP Tim Whitehead
Batting: RHB Nate Taylor 0-0: Swinging Strike
0-1: Called Strike
0-2: Hit by Pitch
Batting: LHB Nate Sheehy 0-0: Grounds into double play, 4-6-3 (Groundball, 4M, EV 77.5 MPH)
Batting: RHB Sean Flora 0-0: Fly out, F7 (Flyball, 7, EV 87.5 MPH)
Bottom of the 4th over - 0 runs, 0 hits, 0 errors, 0 left on base; Beloit 1 - Clinton 3
TOP OF THE 5TH
Beloit Snappers batting - Pitching for Clinton LumberKings : RHP Dave Zimmerman
Batting: LHB Jim Wall 0-0: Called Strike
0-1: Called Strike
0-2: Ball
1-2: Foul Ball, location: 9LSF
1-2: Strikes out swinging
Batting: RHB Bobby Old 0-0: Ball
1-0: Called Strike
1-1: Ball
2-1: Foul Ball, location: 9LDF
2-2: Strikes out looking
Batting: RHB Bobby Flores 0-0: Called Strike
0-1: Foul Ball, location: 5F
0-2: Ball
1-2: Ball
2-2: Foul Ball, location: 3F
2-2: Foul Ball, location: 9LDF
2-2: Ball
3-2: Foul Ball, location: 9LDF
3-2: Base on Balls
Batting: LHB Jesse Nunes 0-0: Ball
Bobby Flores steals 2nd base
1-0: Called Strike
1-1: DOUBLE (Flyball, 7D, EV 92.5 MPH)
Bobby Flores scores
Batting: RHB Luis Zuniga 0-0: Ball
1-0: Swinging Strike
1-1: Ball
2-1: Fly out, F2 (Popup, 25F, EV 86.3 MPH)
Top of the 5th over - 1 run, 1 hit, 0 errors, 1 left on base; Beloit 2 - Clinton 3
BOTTOM OF THE 5TH
Clinton LumberKings batting - Pitching for Beloit Snappers : RHP Tim Whitehead
Batting: LHB Carlos Rivera 0-0: Ground out 1-3 (Groundball, 13S, EV 73.1 MPH)
Batting: LHB Tommy Dwyer 0-0: Ball
1-0: Called Strike
1-1: Fly out, F7 (Line Drive, 7S, EV 90.6 MPH)
Batting: RHB John Ramirez 0-0: Ball
1-0: Fly out, F2 (Popup, 23F, EV 86.3 MPH)
Bottom of the 5th over - 0 runs, 0 hits, 0 errors, 0 left on base; Beloit 2 - Clinton 3
TOP OF THE 6TH
Beloit Snappers batting - Pitching for Clinton LumberKings : RHP Dave Zimmerman
Pitching: RHP Sam Beasley
Batting: RHB Gordie Spencer 0-0: Ball
1-0: Foul Ball, location: 7LSF
1-1: Foul Ball, location: 2F
1-2: Ball
2-2: Strikes out swinging
Batting: RHB Shane Hains 0-0: Ball
1-0: Ball
2-0: Called Strike
2-1: Ball
3-1: Foul Ball, location: 2F
3-2: Foul Ball, location: 2F
3-2: Fly out, F8 (Flyball, 8LS, EV 93.8 MPH)
Batting: SHB Matt Ludwig 0-0: Ball
1-0: Swinging Strike
1-1: Foul Ball, location: 3F
1-2: Foul Ball, location: 7LMF
1-2: Foul Ball, location: 2LF
1-2: Foul Ball, location: 25F
1-2: Strikes out swinging
Top of the 6th over - 0 runs, 0 hits, 0 errors, 0 left on base; Beloit 2 - Clinton 3
BOTTOM OF THE 6TH
Clinton LumberKings batting - Pitching for Beloit Snappers : RHP Tim Whitehead
Batting: RHB Josh Barker 0-0: Ball
1-0: Foul Ball, location: 23F
1-1: Swinging Strike
1-2: SOLO HOME RUN (Flyball, 7D, EV 100.6 MPH), Distance : 392 ft
Batting: LHB Phil Campbell 0-0: Ball
1-0: Swinging Strike
1-1: Foul Ball, location: 2F
1-2: SINGLE (Groundball, 56D, EV 95.0 MPH)
Batting: RHB Fernando Matos 0-0: Foul Ball, location: 2LF
0-1: Called Strike
0-2: Strikes out swinging
Pitching: RHP Andy Roche
Batting: RHB Nate Taylor 0-0: Ball
1-0: SINGLE (Groundball, 56, EV 103.1 MPH)
Phil Campbell to second
Batting: LHB Nate Sheehy 0-0: Called Strike
0-1: Fly out, F7 (Line Drive, 78S, EV 106.9 MPH)
Batting: RHB Sean Flora 0-0: Called Strike
0-1: Ball
1-1: Ball
2-1: Swinging Strike
2-2: Foul Ball, location: 3F
2-2: Ball
3-2: Strikes out looking
Bottom of the 6th over - 1 run, 3 hits, 0 errors, 2 left on base; Beloit 2 - Clinton 4
TOP OF THE 7TH
Beloit Snappers batting - Pitching for Clinton LumberKings : RHP Sam Beasley
Now at 2B: Willie Barrela
Now at SS: Fernando Matos
Batting: LHB Andres Rivera 0-0: Called Strike
0-1: Ball
1-1: Foul Ball, location: 7LSF
1-2: Ball
2-2: Strikes out swinging
Batting: LHB Jim Wall 0-0: Ball
1-0: Called Strike
1-1: Swinging Strike
1-2: Foul Ball, location: 3FF
1-2: Strikes out looking
Batting: RHB Bobby Old 0-0: Ball
1-0: Ball
2-0: Called Strike
2-1: Swinging Strike
2-2: Ground out 2-3 (Groundball, 2L, EV 68.8 MPH)
Top of the 7th over - 0 runs, 0 hits, 0 errors, 0 left on base; Beloit 2 - Clinton 4
BOTTOM OF THE 7TH
Clinton LumberKings batting - Pitching for Beloit Snappers : RHP Andy Roche
Batting: LHB Carlos Rivera 0-0: Foul Ball, location: 2F
0-1: Reached on error, E6 (Groundball, 6, EV 80.6 MPH)
Batting: LHB Tommy Dwyer 0-0: Called Strike
0-1: Called Strike
0-2: Ball
1-2: Strikes out looking
Batting: RHB John Ramirez 0-0: TRIPLE (Line Drive, 89XD, EV 109.4 MPH)
Carlos Rivera scores
Batting: RHB Josh Barker 0-0: Foul Ball, location: 2F
0-1: Ball
1-1: Swinging Strike
1-2: Ball
2-2: Foul Ball, location: 2F
2-2: Strikes out swinging
Batting: RHB Willie Barrela 0-0: Ground out 6-3 (Groundball, 6, EV 83.8 MPH)
Bottom of the 7th over - 1 run, 1 hit, 1 error, 1 left on base; Beloit 2 - Clinton 5
TOP OF THE 8TH
Beloit Snappers batting - Pitching for Clinton LumberKings : RHP Sam Beasley
Now in LF: Tommy Dwyer
Now in CF: Chris Cervantes
Batting: RHB Bobby Flores 0-0: Ball
1-0: Foul Ball, location: 2F
1-1: Foul Ball, location: 2F
1-2: Ball
2-2: Foul Ball, location: 5F
2-2: Ball
3-2: SINGLE (Line Drive, 34D, EV 98.1 MPH)
Pitching: RHP Miles Poore
Batting: LHB Jesse Nunes 0-0: Ball
1-0: Swinging Strike
1-1: Foul Ball, location: 9LSF
1-2: Strikes out looking
Pinch Hitting: LHB Bobby Dollar 0-0: Called Strike
0-1: Foul Ball, location: 23F
0-2: Strikes out swinging
Batting: RHB Gordie Spencer 0-0: Called Strike
0-1: Ball
1-1: Called Strike
1-2: Fly out, F4 (Popup, 4M, EV 60.6 MPH)
Top of the 8th over - 0 runs, 1 hit, 0 errors, 1 left on base; Beloit 2 - Clinton 5
BOTTOM OF THE 8TH
Clinton LumberKings batting - Pitching for Beloit Snappers : RHP Andy Roche
Now at SS: Hector Ortiz
Batting: RHB Fernando Matos 0-0: Called Strike
0-1: Foul Ball, location: 25F
0-2: Ball
1-2: Ball
2-2: Strikes out swinging
Batting: RHB Nate Taylor 0-0: Called Strike
0-1: Called Strike
0-2: Strikes out swinging
Batting: LHB Nate Sheehy 0-0: Ball
1-0: Foul Ball, location: 2F
1-1: Ball
2-1: Ground out 6-3 (Groundball, 6MD, EV 97.5 MPH)
Bottom of the 8th over - 0 runs, 0 hits, 0 errors, 0 left on base; Beloit 2 - Clinton 5
TOP OF THE 9TH
Beloit Snappers batting - Pitching for Clinton LumberKings : RHP Miles Poore
Batting: RHB Shane Hains 0-0: Called Strike
0-1: Called Strike
0-2: Ground out 5-3 (Groundball, 5S, EV 81.3 MPH)
Batting: SHB Matt Ludwig 0-0: Ball
1-0: Called Strike
1-1: Ball
2-1: Fly out, F8 (Flyball, 8LD, EV 102.5 MPH)
Batting: LHB Andres Rivera 0-0: Ball
1-0: Foul Ball, location: 3F
1-1: Ball
2-1: Fly out, F9 (Flyball, 89M, EV 88.1 MPH)
Top of the 9th over - 0 runs, 0 hits, 0 errors, 0 left on base; Beloit 2 - Clinton 5
Sunday, April 14th , 2024 - OOTP Baseball 24.11 Build 85